 Dungeon Crawl Stone Soup version 0.24-a0-640-ge7cd8ce796 (webtiles) character file.

Game seed: 5747682159243798222, levelgen mode: deterministic

27629 D1HalberdGnoll the Cleaver (level 13, 0/106 HPs)
             Began as a Human Berserker on Sept 24, 2019.
             Was an Elder of Trog.
             Succumbed to a black mamba's poison
             ... on level 5 of the Lair of Beasts.
             The game lasted 00:22:39 (15751 turns).

D1HalberdGnoll the Cleaver (Human Berserker)       Turns: 15751, Time: 00:22:40

Health: 0/106      AC: 18    Str: 19    XL:     13   Next: 67%
Magic:  13/13      EV: 17    Int: 10    God:    Trog [****..]
Gold:   580        SH: 15    Dex: 12    Spells: 12/12 levels left

rFire    + . .     SeeInvis .   k - +0 broad axe
rCold    . . .     Gourm    .   E - +0 large shield
rNeg     . . .     Faith    +   G - +4 scale mail "Loelaloe" {rF+ MR++ Str-2}
rPois    .         Spirit   .   (no helmet)
rElec    .         Reflect  .   H - +2 cloak
rCorr    +         Harm     .   p - +0 pair of gloves
MR       ++++.                  (no boots)
Stlth    ..........             N - amulet of faith
HPRegen  1.27/turn              u - +6 ring of evasion
MPRegen  0.13/turn              o - ring of resist corrosion

@: lethally poisoned (0 -> -29), berserk cooldown, regenerating, slowed, very
slow
A: hooves 1, rugged brown scales 1, blurry vision 1
a: Berserk, Trog's Hand, Brothers in Arms, Renounce Religion


You were on level 5 of the Lair of Beasts.
You worshipped Trog.
Trog was greatly pleased with you.
You were near starving.

You visited 2 branches of the dungeon, and saw 15 of its levels.

You collected 992 gold pieces.
You spent 412 gold pieces at shops.

Inventory:

Hand Weapons
 k - a +0 broad axe (weapon)
Missiles
 d - a throwing net (quivered)
Armour
 p - a +0 pair of gloves (worn)
 E - a +0 large shield (worn)
 G - the +4 scale mail "Loelaloe" (worn) {rF+ MR++ Str-2}
   (You bought it in a shop on level 10 of the Dungeon)

   It affects your strength (-2).
   It protects you from fire.
   It affects your resistance to hostile enchantments.
 H - a +2 cloak (worn)
 I - the +2 robe "Jofer" {rF+ Slay+2, unknown}
   (You found it on level 5 of the Lair of Beasts)

   It affects your accuracy and damage with ranged weapons and melee attacks
   (+2).
   It protects you from fire.
Jewellery
 o - a ring of resist corrosion (right hand)
 u - a +6 ring of evasion (left hand)
 N - an amulet of faith (around neck)
Wands
 f - a wand of random effects (16)
 g - a wand of iceblast (6)
 q - a wand of enslavement (7)
 t - a wand of disintegration (8)
 v - a wand of paralysis (14)
 y - a wand of acid (13)
 z - a wand of digging (8)
 B - a wand of flame (18)
 L - a wand of scattershot (6)
Scrolls
 a - 9 scrolls of remove curse
 e - 4 scrolls of identify
 j - 3 scrolls of immolation
 n - a scroll of enchant armour {unknown}
 r - 6 scrolls of teleportation
 w - 2 scrolls of fog
 A - a scroll of silence {unknown}
 C - 2 scrolls of enchant weapon
 F - a scroll of summoning {unknown}
 J - a scroll of vulnerability {unknown}
 K - a scroll of fear
 M - 2 scrolls of magic mapping
 O - a scroll of brand weapon {unknown}
 Q - a scroll of blinking {unknown}
Potions
 b - 5 potions of heal wounds
 h - 3 potions of lignification
 i - 7 potions of might
 l - 4 potions of agility
 m - 7 potions of curing
 s - 6 potions of brilliance
 x - a potion of haste {unknown}
 D - 2 potions of invisibility
Comestibles
 c - 23 rations
 P - 4 chunks of flesh


   Skills:
 + Level 10.0 Fighting
 * Level 13.4 Axes
 + Level 9.8 Armour
 + Level 9.8 Dodging
 + Level 7.1 Shields


You had 12 spell levels left.
You didn't know any spells.
Your spell library was empty.

Dungeon Overview and Level Annotations

Branches:
Dungeon (10/15)            Temple (0/1) D:7            Lair (5/6) D:9
  Swamp (0/4) Lair:4       Spider (0/4) Lair:3        Slime (0/5) Lair:5
    Orc (0/2) D:10

Altars:
Ashenzari
Cheibriados
Dithmenos
Elyvilon
Okawaru
Qazlal
Sif Muna
Trog
Uskayaw
Xom
Yredelemnul
Zin
Jiyva

Shops:
D:10 [=

Annotations:
Lair:4 1 runed translucent door, demivan's ghost, journeyman HOMo


Innate Abilities, Weirdness & Mutations

You have large cloven feet.
You are partially covered in rugged brown scales. (AC +1, +3% HP)
Scrolls take you a little longer to read.


Message History

* * * LOW HITPOINT WARNING * * *
You feel very sick. You block the black mamba's attack.
You slice the black mamba!!
You kill the black mamba!
Trog accepts your kill.
You can now call in reinforcements.
* * * LOW HITPOINT WARNING * * *
You feel very sick.
You are too berserk!
* * * LOW HITPOINT WARNING * * *
You feel very sick.
You feel a strong urge to attack something.
* * * LOW HITPOINT WARNING * * *
You feel very sick.
Okay, then.
You are too berserk!
You are no longer berserk.
You are exhausted.
You feel yourself slow down.
You die...

# #.....
##.
##.....
...
#P.....
...
##.....##
...
#.......#
...
#P.....#
#P
#......#
##....>@#
#.......#
###.....#
#.....##
#......#
##.....#
#.....##
#P....#
....#
##.รท..#


There were no monsters in sight!

Vanquished Creatures
  Fannar (D:10)
  A catoblepas (Lair:4)
  4 death yaks
  2 two-headed ogres (D:9)
  Nergalle (D:10)
  Pikel (D:8)
  6 elephants (Lair:3)
  Psyche (D:10)
  A black mamba (Lair:5)
  2 spiny frogs (Lair:5)
  4 komodo dragons
  2 trolls
  Grinder (D:3)
  6 hippogriffs
  7 dream sheep (Lair:5)
  6 blink frogs
  4 yaks (Lair:4)
  4 wyverns
  A human (D:7)
  4 hogs (D:7)
  4 basilisks
  6 vampire mosquitoes (Lair:4)
  10 water moccasins
  4 porcupines
  3 sky beasts
  4 orc warriors (D:10)
  An ice beast (D:8)
  4 slaves (D:8)
  A necrophage (D:8)
  An eye of draining (D:8)
  13 wolves
  5 ogres
  9 crocodiles
  2 centaurs (D:8)
  3 big kobolds
  8 bullfrogs
  6 gnoll sergeants (D:10)
  3 scorpions
  14 killer bees
  3 electric eels (Lair:2)
  5 wights (D:9)
  9 howler monkeys
  2 crimson imps
  A bullfrog zombie (D:7)
  3 bullfrog skeletons
  An orc priest (D:8)
  2 centaur skeletons
  A gnoll shaman (D:8)
  3 jellies
  7 hounds
  2 orc wizards
  An iguana (D:7)
  6 worker ants
  4 hell rats (Lair:2)
  A hound zombie (D:9)
  A hound skeleton (D:7)
  7 gnolls
  8 adders
  10 oozes (D:3)
  2 adder skeletons
  An adder zombie (D:6)
  A worm (D:3)
  3 dart slugs (D:1)
  5 leopard geckos
  19 orcs
  A ball python (D:2)
  7 bats
  8 giant cockroaches
  2 gnoll zombies (D:8)
  8 goblins
  A hobgoblin (D:2)
  6 jackals
  7 quokkas
  6 frilled lizards
  15 kobolds
  A quokka skeleton (D:9)
  A quokka zombie (D:7)
  8 rats
  2 bushes (Lair:4)
  A plant (Lair:5)
342 creatures vanquished.

Vanquished Creatures (collateral kills)
  3 hydras
  A komodo dragon (Lair:3)
  A hippogriff (Lair:1)
  A porcupine (Lair:1)
6 creatures vanquished.

Vanquished Creatures (others)
  2 bushes (Lair:4)
  4 fungi
  A plant (Lair:1)
  8 toadstools (D:3)
  2 withered plants (Lair:4)
17 creatures vanquished.

Grand Total: 365 creatures vanquished

Notes
Turn   | Place    | Note
-------+----------+-------------------------------------------
     0 | D:1      | D1HalberdGnoll the Human Berserker began the quest for the
                  | Orb.
     0 | D:1      | Reached XP level 1. HP: 18/18 MP: 1/1
   395 | D:1      | Reached XP level 2. HP: 24/24 MP: 2/2
  1020 | D:2      | Reached XP level 3. HP: 27/29 MP: 3/3
  1541 | D:2      | Reached XP level 4. HP: 35/35 MP: 4/4
  1591 | D:2      | Found a faded altar of an unknown god.
  1795 | D:3      | Reached ** piety under Trog
  1798 | D:3      | Reached skill level 4 in Axes
  1802 | D:3      | Found a hide-covered altar of Uskayaw.
  1813 | D:3      | Reached XP level 5. HP: 14/41 MP: 5/5
  2144 | D:3      | Noticed Grinder
  2145 | D:3      | Paralysed by Grinder for 3 turns
  2150 | D:3      | Paralysed by Grinder for 7 turns
  2177 | D:3      | Gained mutation: Scrolls take you a little longer to read.
                  | [potion of mutation]
  2177 | D:3      | Gained mutation: You are partially covered in rugged brown
                  | scales. (AC +1, +3% HP) [potion of mutation]
  2177 | D:3      | Gained mutation: You have large cloven feet. [potion of
                  | mutation]
  2195 | D:3      | Killed Grinder
  2195 | D:3      | Reached skill level 5 in Axes
  2195 | D:3      | Reached XP level 6. HP: 14/49 MP: 6/6
  2580 | D:3      | Reached XP level 7. HP: 13/55 MP: 7/7
  3358 | D:4      | Found a snail-covered altar of Cheibriados.
  3358 | D:4      | Found a shimmering blue altar of Sif Muna.
  3629 | D:4      | Found a shattered altar of Ashenzari.
  3629 | D:4      | Found a glowing silver altar of Zin.
  3769 | D:5      | Entered Level 5 of the Dungeon
  3815 | D:5      | Reached skill level 6 in Axes
  3815 | D:5      | Reached XP level 8. HP: 48/62 MP: 8/8
  4503 | D:5      | Reached skill level 5 in Fighting
  4988 | D:6      | Found an iron altar of Okawaru.
  5038 | D:6      | Reached *** piety under Trog
  5260 | D:6      | Reached skill level 1 in Shields
  5831 | D:7      | Reached skill level 7 in Axes
  5854 | D:7      | Reached XP level 9. HP: 57/70 MP: 9/9
  6024 | D:7      | Found a shattered altar of Ashenzari.
  6039 | D:7      | Reached skill level 5 in Armour
  6039 | D:7      | Reached skill level 5 in Dodging
  6219 | D:7      | Found a staircase to the Ecumenical Temple.
  6286 | D:7      | Reached skill level 8 in Axes
  6652 | D:8      | Noticed Pikel
  6662 | D:8      | Killed Pikel
  6728 | D:8      | Reached XP level 10. HP: 73/78 MP: 10/10
  6796 | D:8      | Reached skill level 9 in Axes
  7189 | D:8      | Found a white marble altar of Elyvilon.
  7210 | D:8      | Reached **** piety under Trog
  7585 | D:8      | Found a basalt altar of Yredelemnul.
  7612 | D:8      | Found a shimmering altar of Xom.
  7613 | D:8      | Found a shimmering altar of Xom.
  7613 | D:8      | Found a shimmering altar of Xom.
  7614 | D:8      | Found a shimmering altar of Xom.
  7614 | D:8      | Noticed a guardian serpent
  7615 | D:8      | Found a shimmering altar of Xom.
  7615 | D:8      | a guardian serpent changed into a yak
  7621 | D:8      | Found a shimmering altar of Xom.
  7638 | D:8      | Found a shimmering altar of Xom.
  7638 | D:8      | Found a shimmering altar of Xom.
  7837 | D:9      | Found a stormy altar of Qazlal.
  7961 | D:9      | Noticed a two-headed ogre
  7971 | D:9      | Killed a two-headed ogre
  7971 | D:9      | Reached skill level 10 in Axes
  8070 | D:9      | Reached XP level 11. HP: 74/86 MP: 11/11
  8124 | D:9      | Found a shadowy altar of Dithmenos.
  8209 | D:9      | Found a bloodstained altar of Trog.
  8364 | D:9      | Got a twisted long sword
  8367 | D:9      | Identified the cursed +0 long sword of the Boiling Point
                  | {slice, rF- rN+ Str+4} (You found it on level 9 of the
                  | Dungeon)
  8544 | D:9      | Noticed a two-headed ogre
  8552 | D:9      | Killed a two-headed ogre
  8615 | D:9      | Found a staircase to the Lair.
  8741 | D:10     | Entered Level 10 of the Dungeon
  8778 | D:10     | Noticed Nergalle
  8792 | D:10     | Killed Nergalle
  8871 | D:10     | Noticed Fannar
  8885 | D:10     | Killed Fannar
  8933 | D:10     | Found Bacu's Jewellery Shop.
  8948 | D:10     | Noticed Psyche
  8954 | D:10     | Found Lofettah's Antique Armour Boutique.
  8965 | D:10     | Killed Psyche
  8965 | D:10     | Reached skill level 11 in Axes
  9031 | D:10     | Bought a topaz-encrusted scale mail for 225 gold pieces
  9031 | D:10     | Bought a glowing cloak for 187 gold pieces
  9046 | D:10     | Identified the +4 scale mail "Loelaloe" {rF+ MR++ Str-2}
                  | (You bought it in a shop on level 10 of the Dungeon)
  9276 | D:10     | Found a staircase to the Orcish Mines.
  9787 | Lair:1   | Entered Level 1 of the Lair of Beasts
  9841 | Lair:1   | Noticed a six-headed hydra
 10134 | Lair:1   | Reached XP level 12. HP: 96/96 MP: 12/12
 10544 | Lair:1   | Killed a six-headed hydra
 10544 | Lair:1   | Reached skill level 5 in Shields
 11565 | Lair:3   | Noticed a seven-headed hydra
 11575 | Lair:3   | Killed a seven-headed hydra
 11575 | Lair:3   | Reached skill level 12 in Axes
 12085 | Lair:3   | Noticed a four-headed hydra
 12088 | Lair:3   | Killed a four-headed hydra
 12171 | Lair:3   | Found a hole to the Spider Nest.
 12834 | Lair:4   | Reached XP level 13. HP: 104/104 MP: 13/13
 13103 | Lair:4   | Found a staircase to the Swamp.
 13169 | Lair:4   | Found a runed translucent door.
 13169 | Lair:4   | Noticed demivan's ghost (journeyman HOMo)
 13633 | Lair:4   | Reached skill level 13 in Axes
 14282 | Lair:4   | Noticed a catoblepas
 14316 | Lair:4   | Killed a catoblepas
 15248 | Lair:5   | Reached skill level 10 in Fighting
 15612 | Lair:5   | Got a fabulously ornate robe
 15677 | Lair:5   | Found a viscous altar of Jiyva.
 15678 | Lair:5   | Found a staircase to the Slime Pits.
 15749 | Lair:5   | HP: 6/159 [poisoned by a black mamba]
 15751 | Lair:5   | Succumbed to a black mamba's poison

Levels and vault maps discovered:
D:1:      erik_arrival_cave_to_civilisation [erik_arrival_cave_to_hall],
          layout_basic, chequers_decorated_corner
D:2:      layout_basic, chequers_ecumenical_altar_simple
D:3:      cheibrodos_fertilizer, layout_basic, eat_drink_and_be_merry_uskayaw,
          kennysheep_decorative_pillar, uniq_grinder
D:4:      minmay_inner_zag, layout_cave_pools, gammafunk_temple_overflow_wave,
          gammafunk_temple_overflow_elements, first_ration,
          kennysheep_generic_room_4
D:5:      layout_basic
D:6:      layout_loops_ring, lemuel_crystal_altar,
          nicolae_overflow_hidden_temple
D:7:      layout_cave_pools, lemuel_temple_firewalk_b, grunt_livestock,
          cheibrodos_ashenzari_chains
D:8:      layout_cave_pools, xom_shifter_show, lemuel_crystal_altar,
          lemuel_zombie_altar_yredelemnul, uniq_pikel
D:9:      layout_roguey, nicolae_qazlal_style_of_elements, lemuel_crystal_altar,
          lightli_temple_of_fire, lair_entry_dummy, minmay_liquid_box
D:10:     layout_big_octagon, kennysheep_orc_monster_closet_entryway,
          serial_column_ruins, column_ruins_hut, column_ruins_hut_water,
          column_ruins_columns_T, column_ruins_columns_straight,
          column_ruins_open_small, column_ruins_open_small, serial_shops,
          nicolae_shop_temple_entry_statues_fountains, shop, minmay_holes,
          uniq_fannar, uniq_psyche, uniq_nergalle
Lair:1:   layout_layer_cave
Lair:2:   layout_chaotic_city, chequers_serial_rivers_large_b, disabler_island,
          lemuel_fruit_tree
Lair:3:   layout_roguey, dummy_spider_entry, fungi_pond_lemuel,
          infiniplex_staircase_pool_2
Lair:4:   layout_roguey, minmay_swamp_entry_swarm, gammafunk_ghost_grave,
          minmay_hedge_maze, minivault_24, grunt_megastairs_2
Lair:5:   layout_long_grid, slime_altar_1, serial_bayou_pond_e

Skill      XL: |  1  2  3  4  5  6  7  8  9 10 11 12 13 |
---------------+----------------------------------------+-----
Axes           | 4 5 6 7 8 10 11 12 13 | 13.4
Fighting       | 4 5 6 7 8 9 10 | 10.0
Armour         | 3 4 5 7 8 9 |  9.8
Dodging        | 3 4 5 7 8 9 |  9.8
Shields        | 1 3 4 6 7 |  7.1

Action                   |  1- 3 |  4- 6 |  7- 9 | 10-12 | 13-15 || total
-------------------------+-------+-------+-------+-------+-------++-------
Melee: Hand axe          |    96 |    24 |       |       |       ||   120
       War axe           |       |    69 |   225 |   360 |       ||   654
       Kick              |       |     9 |    68 |   184 |    83 ||   344
       Broad axe         |       |       |       |   246 |   268 ||   514
Invok: Berserk           |     1 |     2 |     3 |    12 |     4 ||    22
       Trog's Hand       |       |     3 |     2 |    14 |     8 ||    27
       Brothers in Arms  |       |       |       |     3 |       ||     3
Evoke: Wand              |       |       |       |    14 |       ||    14
  Use: Potion            |       |     5 |       |     1 |     1 ||     7
       Scroll            |       |       |     6 |     9 |     4 ||    19
 Stab: Sleeping          |     1 |       |       |       |       ||     1
  Eat: Chunk             |     3 |     4 |    14 |    17 |     3 ||    41
       Ration            |       |     1 |     1 |     6 |     3 ||    11
Armor: Animal skin       |     5 |       |       |       |       ||     5
       Leather armour    |    19 |     7 |       |       |       ||    26
       Ring mail         |       |    28 |     6 |       |       ||    34
       Chain mail        |       |       |    38 |       |       ||    38
       Scale mail        |       |       |    55 |   195 |    78 ||   328
Dodge: Dodged            |    65 |    59 |   120 |   457 |   205 ||   906
Block: Buckler           |       |       |    21 |    79 |       ||   100
       Large shield      |       |       |       |   309 |   233 ||   542

Table legend:
 A = Non-vault XP
 B = Vault XP
 C = Vault XP percentage of total XP
 D = Non-vault monster count
 E = Vault monster count
 F = Vault count percentage of total count
                 A         B        C        D         E       F
            +---------+---------+-------+---------+---------+-------
      Total |   31045 |    8425 |  21.3 |     274 |      67 |  19.6
            +---------+---------+-------+---------+---------+-------
        D:1 |      27 |       0 |   0.0 |      13 |       0 |   0.0
        D:2 |      45 |       0 |   0.0 |      20 |       0 |   0.0
        D:3 |     144 |     433 |  75.0 |      27 |      19 |  41.3
        D:4 |     108 |     138 |  56.1 |       7 |       4 |  36.4
        D:5 |     412 |       0 |   0.0 |      11 |       0 |   0.0
        D:6 |     464 |       0 |   0.0 |      18 |       0 |   0.0
        D:7 |     478 |     983 |  67.3 |      16 |       5 |  23.8
        D:8 |    2123 |     666 |  23.9 |      37 |       3 |   7.5
        D:9 |    3521 |       0 |   0.0 |      29 |       0 |   0.0
       D:10 |     294 |    4241 |  93.5 |       5 |      23 |  82.1
     Lair:1 |    4003 |       0 |   0.0 |      20 |       0 |   0.0
     Lair:2 |    1189 |     353 |  22.9 |      10 |       4 |  28.6
     Lair:3 |    7164 |       0 |   0.0 |      19 |       0 |   0.0
     Lair:4 |    6471 |    1611 |  19.9 |      20 |       9 |  31.0
     Lair:5 |    4602 |       0 |   0.0 |      22 |       0 |   0.0
            +---------+---------+-------+---------+---------+-------
